 Dungeon Crawl Stone Soup version 0.30-b1-2-g02819fbbbe (webtiles) character file.

Game seed: 4203306944473155119

2352 UristMacStoneSoup the Covert (level 9, 0/55 HPs)
             Began as a Kobold Brigand on May 13, 2023.
             Was an Initiate of Dithmenos.
             Slain by a +3 heavy glaive (15 damage)
             ... created by the rancor of the Wu Jian Council
             ... on level 7 of the Dungeon.
             The game lasted 00:34:09 (7230 turns).

UristMacStoneSoup the Covert (Kobold Brigand)       Turns: 7230, Time: 00:34:10

Health: 0/55       AC: 12    Str: 12    XL:     9   Next: 71%
Magic:  9/9        EV: 18    Int: 13    God:    Dithmenos [......]
Gold:   255        SH:  0    Dex: 16    Spells: 8/8 levels left

rFire   . . .        A - +3 dagger
rCold   . . .        (no shield)
rNeg    . . .        l - +2 animal skin
rPois   .            k - +2 helmet
rElec   .            c - +1 cloak
rCorr   .            (no gloves)
SInv    .            o - +2 pair of boots {Stlth+}
Will    .....        v - amulet of the acrobat
Stlth   +++++++      (no ring)
HPRegen 0.29/turn    (no ring)
MPRegen 0.11/turn

%: acrobat
@: no status effects
A: small, no large weapons, nightstalker 3
a: Renounce Religion


You were on level 7 of the Dungeon.
You worshipped Dithmenos.
Dithmenos was noncommittal.
You visited 2 branches of the dungeon, and saw 8 of its levels.

You collected 255 gold pieces.

Inventory:

Hand Weapons
 a - a +2 dagger
 r - the +5 battleaxe "Sarcophage" {distort, *Rage Will+ MP+9}
   (You found it on level 4 of the Dungeon)

   MP:        It affects your magic capacity (+9).
   *Rage:     It berserks you when you make melee attacks (+20% chance).
   Will:      It increases your willpower.
 u - a +0 dagger of chaos
 A - a +3 dagger (weapon)
 E - a +2 short sword
 F - a +2 dagger of freezing
 G - a +0 dagger of flaming
Missiles
 d - 36 poisoned darts (quivered)
 e - 4 curare-tipped darts
 f - 5 javelins
 p - 4 boomerangs
 w - 2 atropa-tipped darts
Armour
 b - a +0 robe
 c - a +1 cloak (worn)
 k - a +2 helmet (worn)
 l - a +2 animal skin (worn)
 o - a +2 pair of boots of stealth (worn)
 z - +0 steam dragon scales
Jewellery
 v - an amulet of the acrobat (around neck)
Wands
 q - a wand of charming (7)
 y - a wand of roots (5)
 I - a wand of flame (28)
Scrolls
 i - 2 scrolls of noise
 j - 4 scrolls of teleportation
 n - a scroll of amnesia
 t - 2 scrolls of magic mapping
 x - a scroll of torment
 D - a scroll of enchant armour
Potions
 g - a potion of ambrosia
 h - 3 potions of degeneration
 m - 2 potions of curing
 s - a potion of lignification
 C - a potion of flight
 H - a potion of mutation


   Skills:
 + Level 5.9 Fighting
 + Level 8.0 Short Blades
 + Level 4.8 Throwing
 + Level 7.1 Dodging
 + Level 10.5 Stealth
 + Level 1.2 Evocations


You had 8 spell levels left.
You didn't know any spells.
Your spell library contained the following spells:

 Spells                   Type           Power      Damage    Failure   Level
 Apportation              Tloc           0%         N/A       30%         1
 Necrotise                Necr           0%         1d4       30%         1
 Summon Small Mammal      Summ           0%         N/A       30%         1
 Ensorcelled Hibernation  Hex/Ice        0%         N/A       43%         2
 Spider Form              Tmut/Pois      0%         N/A       67%         3
 Vhi's Electric Charge    Tloc/Air       0%         N/A       67%         3
 Anguish                  Hex/Necr       0%         N/A       97%         4
 Arcjolt                  Conj/Air       0%         1d10      100%        5
 Plasma Beam              Fire/Air       0%         2x1d11    100%        6
 Malign Gateway           Summ/Tloc      0%         N/A       100%        7
 Summon Horrible Things   Summ           0%         N/A       100%        8


Dungeon Overview and Level Annotations

Branches:
Dungeon (7/15)             Temple (1/1) D:6

Altars:
Ashenzari
Dithmenos
Elyvilon
Fedhas
Gozag
Hepliaklqana
Makhleb
Nemelex Xobeh
Okawaru
Qazlal
Sif Muna
Trog
Wu Jian
Xom
Yredelemnul
The Shining One

Shops:
D:3 (


Innate Abilities, Weirdness & Mutations

You are small and have problems with some larger weapons.
You are completely attuned to the shadows.


Message History

The +1 rapier of electrocution hits you but does no damage.
You are electrocuted!
You hit the +1 rapier of electrocution.
The +1 rapier of electrocution is severely damaged.
You completely miss the +1 rapier of electrocution.
The +1 rapier of electrocution is severely damaged.
The +1 rapier of electrocution hits you but does no damage.
You barely miss the +1 rapier of electrocution.
The +1 rapier of electrocution is heavily damaged.
You hit the +1 rapier of electrocution but do no damage.
The +1 rapier of electrocution is heavily damaged.
The +1 rapier of electrocution misses you.
You hit the +1 rapier of electrocution.
The +1 rapier of electrocution is severely damaged.
The +1 rapier of electrocution hits you but does no damage.
You hit the +1 rapier of electrocution.
You destroy the +1 rapier of electrocution!
That felt strangely unrewarding.
You hit the +3 heavy glaive but do no damage.
You closely miss the +3 heavy glaive. The +3 heavy glaive hits you!
You closely miss the +3 heavy glaive. You hit the +3 heavy glaive.
The +3 heavy glaive is lightly damaged.
You hit the +3 heavy glaive.
The +3 heavy glaive is lightly damaged.
You hit the +3 heavy glaive.
The +3 heavy glaive is heavily damaged.
The +3 heavy glaive barely misses you.
You barely miss the +3 heavy glaive.
The +3 heavy glaive is moderately damaged.
You hit the +3 heavy glaive but do no damage.
The +3 heavy glaive is moderately damaged.
You hit the +3 heavy glaive.
The +3 heavy glaive is severely damaged.
The +4 heavy dire flail hits you!!
* * * LOW HITPOINT WARNING * * *
You hit the +3 heavy glaive but do no damage.
The +3 heavy glaive is severely damaged.
The +3 heavy glaive hits you!
You die...

#.......# #.#####.# #.#
#.# #.#####.#### ####
#..........#
....###########......<...#
...............>.........#
.....(#####...#..........#
..#.......(@.<#..........#
.
###.#...(...#.......(..##
#.#.......#.......(...##
#.#.....###.#######....#
........+...#### #....#
.##....###.##.# #....#
#....###.##.# ##(..#
#......#.##.# ##.##
######...##.# ##)#


You could see 2 dancing weapons.

Vanquished Creatures
  A kobold demonologist (D:6)
  3 dancing weapons
  A steam dragon (D:6)
  A water moccasin (D:4)
  An ice beast (D:7)
  A sky beast (D:6)
  A centaur (D:6)
  2 ogres (D:5)
  A kobold brigand (D:6)
  A bullfrog (D:6)
  A scorpion (D:3)
  2 wights (D:6)
  A vampire bat (D:6)
  4 crimson imps (D:5)
  3 hounds
  Crazy Yiuf (D:7)
  2 gnoll boudas (D:5)
  A sleepcap (D:5)
  A jelly (D:4)
  2 iguanas
  Natasha (D:2)
  3 orc wizards (D:5)
  Robin (D:2)
  5 gnolls (D:5)
  2 adders
  A shadow imp (D:6)
  2 ufetubi
  2 dart slugs (D:1)
  9 orcs
  6 ball pythons
  14 bats
  6 endoplasms
  5 giant cockroaches
  10 goblins
  10 hobgoblins
  8 jackals
  7 kobolds
  4 quokkas
  5 frilled lizards (D:1)
  2 rats
134 creatures vanquished.

Vanquished Creatures (collateral kills)
  A kobold demonologist (D:6)
  2 wights (D:6)
  2 kobolds (D:6)
5 creatures vanquished.

Vanquished Creatures (others)
  A kobold demonologist (D:6)
  2 kobold brigands (D:6)
  6 plants (D:3)
9 creatures vanquished.

Grand Total: 148 creatures vanquished

Notes
Turn   | Place    | Note
-------+----------+-------------------------------------------
     0 | D:1      | UristMacStoneSoup the Kobold Brigand began the quest for
                  | the Orb.
     0 | D:1      | Reached XP level 1. HP: 12/12 MP: 1/1
    41 | D:1      | Reached XP level 2. HP: 10/18 MP: 2/2
   112 | D:1      | Reached skill level 6 in Stealth
   200 | D:1      | Reached XP level 3. HP: 22/22 MP: 3/3
   764 | D:2      | Noticed Natasha
   775 | D:2      | Killed Natasha
   776 | D:2      | Reached XP level 4. HP: 25/28 MP: 4/4
  1004 | D:2      | Noticed Robin
  1033 | D:2      | Killed Robin
  1034 | D:2      | Reached XP level 5. HP: 12/32 MP: 5/5
  1900 | D:3      | Found Firin's Antique Weapon Shoppe.
  2146 | D:3      | Found a white marble altar of Elyvilon.
  2403 | D:3      | Found a stormy altar of Qazlal.
  2768 | D:4      | Identified the +5 battleaxe "Sarcophage" {distort, *Rage
                  | Will+ MP+9}
  2879 | D:4      | Reached XP level 6. HP: 37/37 MP: 6/6
  3147 | D:4      | Noticed a water moccasin
  3168 | D:4      | Killed a water moccasin
  3169 | D:4      | Reached skill level 7 in Stealth
  3251 | D:4      | Reached skill level 5 in Short Blades
  3663 | D:5      | Entered Level 5 of the Dungeon
  3699 | D:5      | Reached XP level 7. HP: 42/42 MP: 7/7
  3761 | D:5      | Reached skill level 8 in Stealth
  3985 | D:5      | Found a shimmering altar of Xom.
  4212 | D:5      | Found an ornate altar of the Wu Jian Council.
  4869 | D:5      | Reached XP level 8. HP: 48/48 MP: 8/8
  4898 | D:5      | Became a worshipper of the Wu Jian Council
  5380 | D:6      | Reached skill level 5 in Dodging
  5443 | D:6      | Reached skill level 5 in Fighting
  5594 | D:6      | Found a staircase to the Ecumenical Temple.
  5650 | Temple   | Entered the Ecumenical Temple
  5778 | Temple   | Fell from the grace of Wu Jian
  5778 | Temple   | Became a worshipper of Dithmenos the Shadowed
  5883 | D:6      | Reached skill level 9 in Stealth
  6052 | D:6      | Reached XP level 9. HP: 54/54 MP: 9/9
  6369 | D:6      | Noticed a kobold demonologist
  6371 | D:6      | Noticed a kobold demonologist
  6372 | D:6      | Noticed a kobold demonologist
  6402 | D:6      | Killed a kobold demonologist
  6403 | D:6      | Reached skill level 10 in Stealth
  6403 | D:6      | Noticed an ice devil
  6405 | D:6      | Noticed an ice devil
  6406 | D:6      | Killed a kobold demonologist
  6407 | D:6      | Reached skill level 1 in Evocations
  6792 | D:7      | Found a runed translucent door.
  6795 | D:7      | Noticed Crazy Yiuf
  6801 | D:7      | Killed Crazy Yiuf
  7230 | D:7      | Slain by a +3 heavy glaive

Illustrated notes

Levels and vault maps discovered:
D:1:      scummos_arrival_simple_crosswalls, layout_rooms, serial_park_tiny_1,
          minmay_misc_feat_iff, st_stairs_9, minmay_pentomino_r2
D:2:      layout_loops_ring, nrook_uturn, due_unseen_surprise, uniq_robin,
          uniq_natasha
D:3:      wad_pebble_path, layout_basic, nicolae_qazlal_eye_of_the_storm,
          nicolae_elyvilon_temple_path, serial_shops,
          nicolae_shop_window_shopping
D:4:      layout_basic, palyth_stone_intersect
D:5:      layout_basic, led_xom_imps, nicolae_wu_jian_wuxing_cycle,
          roderic_nine_men_s_morris, glass_columns_b, minmay_misc_feat_enclosed,
          minmay_misc_feat_tiny, minmay_joined_circles
D:6:      layout_layer_cave, minmay_temple_entry_butterflies, roderic_batcave
D:7:      layout_basic, fiery_altar_vehumet, nicolae_zen_rock_garden,
          uniq_crazy_yiuf_cottage
Temple:   nicolae_temple_x_marks_the_god

Skill      XL: |  1  2  3  4  5  6  7  8  9 |
---------------+----------------------------+-----
Stealth        | 6 7 8 9 10 | 10.5
Short Blades   | 3 4 5 6 7 8 |  8.0
Fighting       | 3 4 5 |  5.9
Dodging        | 2 3 4 5 7 |  7.1
Throwing       | 3 4 |  4.8
Evocations     | 1 |  1.2

Action                     |  1- 3 |  4- 6 |  7- 9 || total
---------------------------+-------+-------+-------++-------
  Melee: Dagger            |   102 |   156 |   445 ||   703
         Punch             |     1 |       |     9 ||    10
  Throw: Dart              |     1 |    20 |    40 ||    61
Ability: Lunge             |       |       |     1 ||     1
  Evoke: Wand              |       |       |     7 ||     7
    Use: Scroll            |     2 |     7 |     9 ||    18
         Potion            |     2 |     2 |     3 ||     7
   Stab: Sleeping          |    10 |    16 |    11 ||    37
         Invisible         |       |       |     1 ||     1
 Armour: Robe              |    30 |    33 |       ||    63
         Animal skin       |       |    25 |    85 ||   110
         Skin              |       |       |    60 ||    60
  Dodge: Dodged            |    74 |   110 |   274 ||   458
